 Dungeon Crawl Stone Soup version 0.28.0-43-g3370ac3207 (webtiles) character file.

Game seed: 4296723799075401966

0 NinjaNoafa the Firebug (level 1, -1/14 HPs)
             Began as a Hill Orc Fire Elementalist on Apr 1, 2022.
             Was a Follower of Nemelex Xobeh.
             Slain by a quokka (3 damage)
             ... on level 1 of the Dungeon.
             The game lasted 00:01:18 (154 turns).

NinjaNoafa the Firebug (Hill Orc Fire Elementalist)  Turns: 154, Time: 00:01:19

Health: -1/14      AC:  2    Str: 10    XL:     1   Next: 0%
Magic:  1/3        EV: 12    Int: 15    God:    Nemelex Xobeh [*.....]
Gold:   17         SH:  0    Dex: 11    Spells: 2/3 levels left

rFire   . . .      SeeInvis .   (no weapon)
rCold   . . .      Faith    .   (no shield)
rNeg    . . .      Spirit   .   a - +0 robe
rPois   .          Reflect  .   (no helmet)
rElec   .          Harm     .   (no cloak)
rCorr   .          Rampage  .   (no gloves)
Will    .....                   (no boots)
Stlth   ++........              (no amulet)
HPRegen 0.04/turn               (no ring)
MPRegen 0.08/turn               (no ring)

@: very slightly contaminated
A: no striking features
a: Renounce Religion, Draw Escape, Draw Destruction, Draw Summoning


You were on level 1 of the Dungeon.
You worshipped Nemelex Xobeh.
Nemelex Xobeh was aware of your devotion.
You visited 1 branch of the dungeon, and saw 1 of its levels.

You collected 17 gold pieces.

Inventory:

Missiles
 d - 14 stones
Armour
 a - a +0 robe (worn)
Scrolls
 b - a scroll of identify {unknown}
 e - a scroll of enchant weapon {unknown}
 f - a scroll of teleportation {unknown}
 g - a scroll of fog {unknown}
Potions
 c - a potion of flight {unknown}


   Skills:
 + Level 1.5 Dodging
 + Level 1.5 Stealth
 + Level 1.5 Spellcasting
 + Level 1.0 Conjurations
 + Level 3.2 Fire Magic


You had 2 spell levels left.
You knew the following spells:

 Your Spells              Type           Power      Damage    Failure   Level
a - Foxfire               Conj/Fire      28%        2x1d5     10%         1

Your spell library contained the following spells:

 Spells                   Type           Power      Damage    Failure   Level
 Scorch                   Fire           22%        2d6       9%          2
 Conjure Flame            Conj/Fire      7%         6-21      28%         3
 Inner Flame              Hex/Fire       6%         N/A       34%         3
 Flame Wave               Conj/Fire      7%         2d5       67%         4


Dungeon Overview and Level Annotations

Branches:
Dungeon (1/15)

Altars:
Nemelex Xobeh


Message History

Okay, then.
Things that are here:
a +0 robe; a human skeleton
There is an open door here.
g - a scroll labelled BAEPIFE BAUC A quokka comes into view.
An endoplasm comes into view.
Found a stone staircase leading down.
The endoplasm misses you.
Casting: Foxfire (safe; 10% risk of failure)
Confirm with . or Enter, or press ? or * to list all spells.
You conjure some foxfire!
The quokka misses you. The endoplasm barely misses you.
You hit the endoplasm.
The endoplasm is heavily wounded.
The quokka bites you. The endoplasm hits you.
Your foxfire dissipates!
The quokka closely misses you.
Casting: Foxfire (safe; 10% risk of failure)
Confirm with . or Enter, or press ? or * to list all spells.
You conjure some foxfire!
The quokka closely misses you.
Your foxfire dissipates!
The quokka bites you. The quokka closely misses you. The quokka bites you.
* * * LOW HITPOINT WARNING * * *
The endoplasm jiggles.
The quokka bites you.
* * * LOW HITPOINT WARNING * * *
There is an open door here.
Casting: Foxfire (safe; 10% risk of failure)
Confirm with . or Enter, or press ? or * to list all spells.
You miscast Foxfire.
You are very lightly contaminated with residual magic.
Nothing appears to happen.
The quokka barely misses you.
Casting: Foxfire (safe; 10% risk of failure)
Confirm with . or Enter, or press ? or * to list all spells.
You miscast Foxfire.
Nothing appears to happen.
The quokka bites you.
You die...
Your body disappears without a glow.

#.#.##.≈P.♣#
#.#.#..≈≈._#
#.#..#.≈≈[♣#
##.##P#P...#
#######..#####..P#
#............##P##
#.......#########
#.......# #.....@.#
################r##
.............J.J.#
########.#########
#.#
########J########
.................
##.###########.##
#.#


You could see an endoplasm and a quokka.

Vanquished Creatures (others)
  A fungus (D:1)
  A plant (D:1)
2 creatures vanquished.

Notes
Turn   | Place    | Note
-------+----------+-------------------------------------------
     0 | D:1      | NinjaNoafa the Hill Orc Fire Elementalist began the quest
                  | for the Orb.
     0 | D:1      | Reached XP level 1. HP: 14/14 MP: 3/3
    72 | D:1      | Found a faded altar of an unknown god.
    79 | D:1      | Prayed at the altar of an unknown god.
    79 | D:1      | Became a worshipper of Nemelex Xobeh the Trickster
    79 | D:1      | Reached * piety under Nemelex Xobeh
    79 | D:1      | Received a gift from Nemelex Xobeh
   154 | D:1      | Slain by a quokka

Illustrated notes

Levels and vault maps discovered:
D:1:      evilmike_arrival_grusome_pit, layout_basic,
          dreamdust_ecumenical_altar_hidden_monk_grotto,
          amcnicky_mini_pool_small

Action                   || total
-------------------------++-------
Melee: Unarmed           ||     7
 Cast: Foxfire           ||     2
Dodge: Dodged            ||     7
